 Dungeon Crawl Stone Soup version 0.27-a0-1105-g946c659c87 (webtiles) character file.

Game seed: 16549448563669815185

450 TODO the Bolt Thrower (level 6, -8/56 HPs)
             Began as a Minotaur Hunter on May 1, 2021.
             Was a Priest of Lugonu.
             Killed by divine providence
             ... invoked by an orc priest
              (11 damage)
             ... on level 3 of the Dungeon.
             The game lasted 00:11:16 (4601 turns).

TODO the Bolt Thrower (Minotaur Hunter)             Turns: 4601, Time: 00:11:17

Health: -8/56      AC:  8    Str: 19    XL:     6   Next: 74%
Magic:  5/5        EV:  7    Int:  8    God:    Lugonu [***...]
Gold:   123        SH:  0    Dex: 10    Spells: 5/5 levels left

rFire    . . .     SeeInvis +   e - +1 dagger (venom)
rCold    . . .     Faith    .   (no shield)
rNeg     . . .     Spirit   .   f - +0 chain mail
rPois    .         Reflect  .   (helmet restricted)
rElec    .         Harm     .   (no cloak)
rCorr    .         Rampage  .   (no gloves)
Will     .....                  (no boots)
Stlth    ..........             (no amulet)
HPRegen  0.18/turn              l - ring of see invisible
MPRegen  0.09/turn              (no ring)

@: no status effects
A: horns 2, retaliatory headbutt
a: Renounce Religion, Depart the Abyss, Bend Space, Banish


You were on level 3 of the Dungeon.
You worshipped Lugonu.
Lugonu was most pleased with you.
You visited 1 branch of the dungeon, and saw 4 of its levels.

You collected 123 gold pieces.

Inventory:

Hand Weapons
 a - a +1 hand crossbow
 b - a +0 short sword
 e - a +1 dagger of venom (weapon)
Missiles
 d - 29 bolts
Armour
 f - a +0 chain mail (worn)
Magical Staves
 i - a staff of earth
Jewellery
 l - a ring of see invisible (left hand)
Wands
 c - a wand of iceblast (9)
Potions
 g - a potion of haste
 h - a potion of degeneration {unknown}
 j - 2 potions of might {unknown}


   Skills:
 + Level 5.4 Fighting
 * Level 7.6 Crossbows
 - Level 0.2 Armour
 - Level 2.4 Dodging
 - Level 0.7 Stealth


You had 5 spell levels left.
You didn't know any spells.
Your spell library was empty.

Dungeon Overview and Level Annotations

Branches:
Dungeon (4/15)
 Temple: D:4-7

Altars:
Wu Jian
Xom
Lugonu

Shops:
D:3 =


Innate Abilities, Weirdness & Mutations

You have a pair of horns on your head.
You reflexively headbutt those who attack you in melee.


Message History

You completely miss the orc priest.
The orc priest is moderately wounded.
The orc priest closely misses you.
You hit the orc priest but do no damage.
The orc priest looks as sick as possible!
You headbutt the orc priest.
The orc priest is heavily wounded.
The orc priest hits you but does no damage.
You completely miss the orc priest.
The orc priest is severely wounded.
The orc priest hits you but does no damage.
You barely miss the orc priest.
The orc priest is severely wounded.
You kill the orc priest!
Lugonu accepts your kill.
You hit the orc priest but do no damage.
The orc priest is poisoned.
The orc priest mumbles some strange prayers to Beogh against you.
Beogh smites you!
* * * LOW HITPOINT WARNING * * *
You closely miss the orc priest.
The orc priest hits you but does no damage.
You hit the orc priest but do no damage.
The orc priest looks as sick as possible!
The orc priest is moderately wounded.
The orc priest hits you but does no damage.
You hit the orc priest but do no damage.
The orc priest looks as sick as possible!
The orc priest is moderately wounded.
The orc priest hits you but does no damage.
You hit the orc priest.
The orc priest looks as sick as possible!
The orc priest is severely wounded.
The orc priest hits you but does no damage.
You hit the orc priest but do no damage.
The orc priest looks as sick as possible!
The orc priest is severely wounded.
The orc priest calls down the wrath of Beogh upon you.
Beogh smites you!
You die...

#....# #.........#
#....################.#
#....#......##......#.#
###
#....#.#######.####.#.#
..#
#....#.##....#.##.#.#.#
######
#....#.##....#'#..#.#.#
.....####
#....#.##.........#.#.#
♣.......#
##'###.#####......#.#.#
_....##.####.###@#
#......#.#.#
.....#.........#o#
#......#.#.#
.(...#..####^....#
#...........
.....#.....'.....#
#....#.#.#.#
.....#.#####....>#
#....+.#.#.# ≈....#.#
#.....# #....###.#.#
≈≈≈..#.# #.....#
#.....##.#.# ≈≈≈≈≈#)#
#.....# #####....#.#
≈≈≈≈≈#)#####.....#
#.####.#


You could see an orc priest (extremely poisoned).

Vanquished Creatures
  Sigmund (D:3)
  2 orc priests (D:3)
  2 orc wizards (D:3)
  Natasha (twice) (D:3)
  5 adders
  2 worms
  A dart slug (D:1)
  4 orcs (D:3)
  5 ball pythons
  3 bats
  6 endoplasms
  6 giant cockroaches
  8 goblins
  8 hobgoblins
  2 quokkas (D:1)
  A frilled lizard (D:1)
  4 kobolds
  8 rats
70 creatures vanquished.

Vanquished Creatures (others)
  Natasha (D:3)
1 creature vanquished.

Grand Total: 71 creatures vanquished

Notes
Turn   | Place    | Note
-------+----------+-------------------------------------------
     0 | D:1      | TODO the Minotaur Hunter began the quest for the Orb.
     0 | D:1      | Reached XP level 1. HP: 18/18 MP: 0/0
   138 | D:1      | Reached XP level 2. HP: 21/25 MP: 1/1
   364 | D:1      | Found a faded altar of an unknown god.
   370 | D:1      | Became a worshipper of Lugonu the Unformed
   370 | D:1      | Reached * piety under Lugonu
   370 | D:1      | Reached ** piety under Lugonu
  1072 | D:1      | Reached skill level 5 in Crossbows
  1072 | D:1      | Reached XP level 3. HP: 31/31 MP: 2/2
  1330 | D:2      | Reached XP level 4. HP: 10/39 MP: 3/3
  1982 | D:3      | Reached *** piety under Lugonu
  1983 | D:3      | Reached skill level 6 in Crossbows
  1983 | D:3      | Reached XP level 5. HP: 31/46 MP: 4/4
  2085 | D:3      | Found an ornate altar of the Wu Jian Council.
  2127 | D:3      | Found Juur's Jewellery Boutique.
  2561 | D:3      | Found a shimmering altar of Xom.
  2564 | D:3      | Noticed Sigmund
  2573 | D:3      | Killed Sigmund
  2574 | D:3      | Reached skill level 5 in Fighting
  2574 | D:3      | Reached skill level 7 in Crossbows
  2574 | D:3      | Reached XP level 6. HP: 35/56 MP: 5/5
  3002 | D:3      | Noticed Natasha
  3014 | D:3      | Killed Natasha
  4212 | D:3      | Found an ornate altar of the Wu Jian Council.
  4250 | D:3      | Found Juur's Jewellery Boutique.
  4408 | D:3      | Noticed Natasha
  4414 | D:3      | Killed Natasha
  4421 | D:3      | Found a shimmering altar of Xom.
  4438 | D:3      | Noticed Natasha
  4441 | D:3      | Killed Natasha
  4596 | D:3      | HP: 2/56 [orc priest/divine providence (14)]
  4601 | D:3      | Killed from afar by an orc priest

Illustrated notes

Levels and vault maps discovered:
D:1:      sevenhm_arrival_forest_fort_small_6, layout_basic,
          shapermc_ecumenical_altar_mp_ritualfount
D:2:      layout_rooms
D:3:      layout_basic, general_overflow_altar, nzn_wu_jian_contemplation,
          serial_shops, nicolae_shop_waterfront,
          corexii_item_surrounded_by_moat, serial_park_tiny_1, uniq_sigmund,
          uniq_natasha
D:4:      layout_cave_pools, serial_shops, shop, chequers_serial_rivers_small_3

Skill      XL: |  1  2  3  4  5 |
---------------+----------------+-----
Fighting       | 3 4 5 |  5.4
Crossbows      | 5 6 7 |  7.6
Armour         | |  0.2
Dodging        | |  2.4
Stealth        | |  0.7

Action                   |  1- 3 |  4- 6 || total
-------------------------+-------+-------++-------
Melee: Hand crossbow     |    19 |    24 ||    43
       Headbutt          |     6 |     6 ||    12
       Dagger            |       |    15 ||    15
 Fire: Hand crossbow     |    55 |    94 ||   149
  Use: Scroll            |     4 |     2 ||     6
Armor: Leather armour    |    11 |     1 ||    12
       Chain mail        |       |    41 ||    41
Dodge: Dodged            |    36 |    32 ||    68

Table legend: (Time is in decaauts)
 A = Elapsed time spent in this place.
 B = Non-inter-level travel time spent in this place.
 C = Inter-level travel time spent in this place.
 D = Time resting spent in this place.
 E = Time spent auto-exploring this place.
 F = Levels seen in this place.
 G = Mean time per level.
                   A        B        C        D        E       F      G
               +--------+--------+--------+--------+--------+-----+--------+
         Total |   4661 |   4540 |    121 |      0 |   3626 |   4 | 1165.2 |
       Dungeon |   4661 |   4540 |    121 |      0 |   3626 |   4 | 1165.2 |
               +--------+--------+--------+--------+--------+-----+--------+

Top non-repeatable levels by time:
     D:3: 2703 daAuts
     D:1: 1173 daAuts
     D:2: 780 daAuts
     D:4: 3 daAuts
